 Dungeon Crawl Stone Soup version 0.26-a0-43-g20b394c (webtiles) character file.

Game seed: 1320132474470932133

3199 Faca the Fighter (level 10, 0/85 HPs)
             Began as a Human Fighter on June 3, 2020.
             Slain by a centaur (6 damage)
             ... on level 8 of the Dungeon.
             The game lasted 00:12:34 (8574 turns).

Faca the Fighter (Human Fighter)                    Turns: 8574, Time: 00:12:35

Health: 0/85       AC: 10    Str: 19    XL:     10   Next: 17%
Magic:  10/10      EV:  5    Int: 16    God:
Gold:   352        SH: 10    Dex: 12    Spells: 9/9 levels left

rFire    . . .     SeeInvis .   v - +2 whip (elec)
rCold    . . .     Gourm    .   c - +1 kite shield
rNeg     . . .     Faith    .   m - +0 chain mail
rPois    .         Spirit   .   j - +0 helmet (curse)
rElec    .         Reflect  .   (no cloak)
rCorr    .         Harm     .   (no gloves)
MR       .....                  (no boots)
Stlth    ..........             a - amulet of the acrobat
HPRegen  0.24/turn              r - +6 ring of intelligence (curse)
MPRegen  0.12/turn              (no ring)

@: lethally poisoned (0 -> -5)
A: no striking features
a: no special abilities


You were on level 8 of the Dungeon.
You were hungry.

You visited 2 branches of the dungeon, and saw 9 of its levels.

You collected 352 gold pieces.

Inventory:

Hand Weapons
 v - a +2 whip of electrocution (weapon)
Armour
 c - a +1 kite shield (worn)
 h - a +0 tower shield
 j - a cursed +0 helmet (worn)
 m - a +0 chain mail (worn)
Jewellery
 a - an amulet of the acrobat (around neck)
 r - a cursed +6 ring of intelligence (left hand)
Wands
 p - a wand of iceblast (11)
 t - a wand of flame (15)
Scrolls
 e - a scroll of enchant armour
 i - 5 scrolls of remove curse
 k - 4 scrolls of teleportation
Potions
 b - a potion of haste
 d - a potion of might
 g - 2 potions of cancellation
 l - 2 potions of curing
 n - a potion of heal wounds
 o - a potion of stabbing {unknown}
 q - a potion of berserk rage {unknown}
 s - a potion of mutation {unknown}
Comestibles
 f - 10 rations


   Skills:
 + Level 10.1 Fighting
 + Level 9.8 Maces & Flails
 - Level 3.0 Armour
 - Level 3.0 Shields


You had 9 spell levels left.
You didn't know any spells.
Your spell library contained the following spells:

 Spells                   Type           Power        Failure   Level  Hunger
 Sandblast                Erth           #.....       100%        1    ##.....
 Passwall                 Tmut/Erth      #.......     100%        2    ###....
 Stone Arrow              Conj/Erth      #.....       100%        3    ####...
 Petrify                  Tmut/Erth      #.......     100%        4    #####..
 Lee's Rapid Deconstruct  Erth           #.........   100%        5    ######.


Dungeon Overview and Level Annotations

Branches:
Dungeon (8/15)             Temple (1/1) D:6
   Lair: D:8-11

Altars:
Ashenzari
Cheibriados
Dithmenos
Elyvilon
Hepliaklqana
Kikubaaqudgha
Nemelex Xobeh
Qazlal
Ru
Sif Muna
Trog
Uskayaw
Vehumet
Wu Jian
Xom
Yredelemnul
Zin
The Shining One


Message History

You block the centaur's attack. The iguana barely misses you.
The kobold hits you but does no damage.
You hit the ogre.
The ogre is almost dead.
You feel sick. The centaur hits you.
The centaur hits you but does no damage.
The ogre closely misses you. You block the kobold's attack.
The kobold barely misses you. The iguana barely misses you.
You hit the ogre but do no damage.
The ogre is almost dead.
You feel sick. You block the centaur's attack. The centaur barely misses you.
The kobold barely misses you. You block the kobold's attack. x2
The centaur hits you but does no damage.
The ogre hits you with a +0 giant spiked club!!
* * * LOW HITPOINT WARNING * * *
Your chain mail prevents you from hitting the ogre.
The ogre is almost dead.
* * * LOW HITPOINT WARNING * * *
You feel sick. The centaur hits you.
You die...

#............
#.........#..
#.......$...
#..........
##......(##
#....K....#
#...clK...#
#...c@K...#
#...K(O(<.#
#...(.....#
##......?##
##.....##
#######


You could see an ogre, 2 centaurs, an iguana and 4 kobolds.

Vanquished Creatures
  A hippogriff (D:7)
  3 orc warriors
  A black bear (D:7)
  2 ice beasts
  An ogre (D:7)
  4 phantoms
  3 centaurs
  3 big kobolds
  Blork the orc (D:4)
  4 bullfrogs
  A wyvern zombie (D:6)
  A scorpion (D:7)
  2 howler monkeys
  A crimson imp (D:6)
  2 centaur zombies
  A hound (D:6)
  7 orc priests
  7 orc wizards
  2 iguanas
  6 worker ants
  2 killer bee zombies
  Robin (D:4)
  4 gnolls
  5 adders
  A shadow imp (D:7)
  An adder skeleton (D:7)
  A worm (D:4)
  2 dart slugs
  6 leopard geckos
  35 orcs
  5 giant cockroaches
  16 goblins
  7 hobgoblins
  8 jackals
  18 kobolds
  5 quokkas
  2 ball pythons (D:2)
  A ball python skeleton (D:6)
  7 bats
  5 frilled lizards
  A quokka skeleton (D:4)
  7 rats
193 creatures vanquished.

Vanquished Creatures (others)
  A scorpion (D:8)
1 creature vanquished.

Grand Total: 194 creatures vanquished

Notes
Turn   | Place    | Note
-------+----------+-------------------------------------------
     0 | D:1      | Faca the Human Fighter began the quest for the Orb.
     0 | D:1      | Reached XP level 1. HP: 18/18 MP: 1/1
    94 | D:1      | Reached XP level 2. HP: 15/24 MP: 2/2
   224 | D:1      | Reached XP level 3. HP: 26/29 MP: 3/3
   640 | D:2      | Found a sacrificial altar of Ru.
  1028 | D:2      | Reached XP level 4. HP: 37/37 MP: 4/4
  1377 | D:3      | Reached skill level 4 in Fighting
  1450 | D:3      | Found a hazy altar of Hepliaklqana.
  1898 | D:3      | Found a white marble altar of Elyvilon.
  2215 | D:4      | Reached XP level 5. HP: 43/43 MP: 5/5
  2222 | D:4      | Noticed Robin
  2611 | D:4      | Killed Robin
  2664 | D:4      | Found a sparkling altar of Nemelex Xobeh.
  2792 | D:4      | Noticed Blork the orc
  2801 | D:4      | Killed Blork the orc
  2801 | D:4      | Reached skill level 5 in Fighting
  2801 | D:4      | Reached XP level 6. HP: 40/51 MP: 6/6
  3097 | D:4      | Noticed a phantom
  3139 | D:4      | Killed a phantom
  3139 | D:4      | Reached skill level 5 in Maces & Flails
  3139 | D:4      | Reached XP level 7. HP: 35/56 MP: 7/7
  3607 | D:4      | Found a radiant altar of Vehumet.
  3740 | D:4      | Reached skill level 6 in Fighting
  3982 | D:5      | Entered Level 5 of the Dungeon
  4109 | D:5      | Reached XP level 8. HP: 19/65 MP: 8/8
  4427 | D:5      | Found a shimmering altar of Xom.
  4491 | D:5      | Reached skill level 7 in Fighting
  4823 | D:5      | Found a snail-covered altar of Cheibriados.
  4981 | D:5      | Found an ornate altar of the Wu Jian Council.
  5691 | D:6      | Reached skill level 8 in Fighting
  5691 | D:6      | Reached XP level 9. HP: 46/74 MP: 9/9
  6344 | D:6      | Found a white marble altar of Elyvilon.
  6705 | D:6      | You fall into a shaft and drop 1 floor!
  6930 | D:7      | Reached skill level 9 in Fighting
  7143 | D:6      | Found a staircase to the Ecumenical Temple.
  7257 | Temple   | Entered the Ecumenical Temple
  7814 | D:7      | Noticed a hippogriff
  7823 | D:7      | Killed a hippogriff
  7982 | D:7      | Reached XP level 10. HP: 61/84 MP: 10/10
  8092 | D:7      | Found a shattered altar of Ashenzari.
  8120 | D:7      | Found a shimmering altar of Xom.
  8311 | D:7      | Reached skill level 10 in Fighting
  8574 | D:8      | Slain by a centaur

Illustrated notes

Levels and vault maps discovered:
D:1:      eino_arrival_water_cross, layout_basic
D:2:      layout_loops_ring, nicolae_ru_sacrificial_ziggurat
D:3:      layout_loops_ring, nicolae_overflow_hidden_temple, lemuel_doored_altar
D:4:      layout_gridville, nemelex_xobeh_ov_fountains_minmay, kennysheep_mini,
          uniq_robin, uniq_blork_the_orc
D:5:      layout_loops_ring, nicolae_overflow_crystal_walls,
          cheibriados_altar_1, lemuel_round_altar, first_ration
D:6:      layout_layer_cave, temple_green, lemuel_altar_in_water
D:7:      layout_basic, ashenzari_altar_1, tgw_xom
D:8:      layout_rooms
Temple:   chequers_temple_sunken

Skill      XL: |  1  2  3  4  5  6  7  8  9 10 |
---------------+-------------------------------+-----
Maces & Flails | 3 4 5 6 7 9 |  9.8
Fighting       | 4 5 6 8 9 10 | 10.1
Armour         | |  3.0
Shields        | |  3.0

Action                   |  1- 3 |  4- 6 |  7- 9 | 10-12 || total
-------------------------+-------+-------+-------+-------++-------
Melee: Flail             |   103 |   185 |   264 |       ||   552
       Whip              |       |       |   186 |    62 ||   248
  Use: Scroll            |     4 |     6 |     4 |     1 ||    15
       Potion            |       |       |     4 |     1 ||     5
  Eat: Chunk             |     1 |     6 |    17 |     1 ||    25
Armor: Scale mail        |    43 |    89 |    56 |       ||   188
       Chain mail        |       |       |   122 |    46 ||   168
Dodge: Dodged            |    27 |    60 |   105 |    25 ||   217
Block: Kite shield       |    59 |   129 |   231 |    36 ||   455

Table legend:
 A = Non-vault XP
 B = Vault XP
 C = Vault XP percentage of total XP
 D = Non-vault monster count
 E = Vault monster count
 F = Vault count percentage of total count
                 A         B        C        D         E       F
            +---------+---------+-------+---------+---------+-------
      Total |    4421 |     150 |   3.3 |     177 |      17 |   8.8
            +---------+---------+-------+---------+---------+-------
        D:1 |      52 |       0 |   0.0 |      24 |       0 |   0.0
        D:2 |      27 |       0 |   0.0 |      16 |       0 |   0.0
        D:3 |      42 |      11 |  20.8 |      18 |       6 |  25.0
        D:4 |     481 |     127 |  20.9 |      18 |       7 |  28.0
        D:5 |     750 |       0 |   0.0 |      18 |       0 |   0.0
        D:6 |    1270 |       0 |   0.0 |      39 |       0 |   0.0
        D:7 |    1660 |      12 |   0.7 |      42 |       4 |   8.7
        D:8 |     139 |       0 |   0.0 |       2 |       0 |   0.0
            +---------+---------+-------+---------+---------+-------
